Map: Romanticide LE

Players

Seither - Winner!

  • Race: Terran Terran
  • League: Grandmaster

Demi

  • Race: Zerg Zerg
  • League: Grandmaster

Event: DreamHack SC2 Masters 2021 Summer

VOD

Have the link to the VOD?

Description

Time

  • Played on: May 20, 2021, 6:57 a.m.
  • Length: 13:40

All games in this series

Show
View Real Time Build Order
Export as new Build Order

Seither Terran - Winner!

Build Orders: Liberator Opening, Reaper Expand 

Get SALT Encoding   

  12  0:00  SCV  
  13  0:12  SCV  
  14  0:17  Supply Depot  
  14  0:24  SCV  
  15  0:39  SCV  
  15  0:41  Barracks  
  16  0:45  Refinery  
  16  0:51  SCV  
  17  1:03  SCV  
  18  1:15  SCV  
  19  1:28  Reaper, Orbital Command  
  20  1:40  Command Center  
  20  1:50  Supply Depot  
  20  1:54  SCV  
  21  2:00  Marine  
  22  2:06  SCV  
  23  2:09  Factory  
  23  2:18  SCV  
  24  2:23  Barracks Reactor  
  24  2:30  SCV  
  25  2:42  SCV  
  26  2:45  Command Center  
  26  2:52  Orbital Command  
  26  2:54  SCV  
  27  3:02  Starport  
  27  3:06  SCV  
  27  3:07  Refinery  
  27  3:11  Hellion  
  30  3:15  Hellion  
  30  3:17  Barracks Tech Lab  
  32  3:21  SCV  
  32  3:23  SCV  
  34  3:35  SCV x2  
  36  3:48  Hellion x2  
  40  3:49  SCV x2  
  40  3:51  Liberator  
  45  3:57  Marine, Orbital Command  
  45  4:00  Supply Depot  
  45  4:02  SCV x2  
  48  4:11  Hellion  
  48  4:12  Stimpack, Hellion  
  52  4:18  SCV x2  
  52  4:20  Orbital Command  
  52  4:22  Marine  
  52  4:23  Supply Depot  
  55  4:30  SCV x2  
  57  4:41  Marine, Starport Reactor  
  57  4:42  Barracks  
  57  4:44  Factory Reactor  
  58  4:46  Barracks  
  58  4:48  SCV  
  58  4:49  SCV  
  58  4:52  Supply Depot  
  60  4:53  Engineering Bay  
  60  4:55  Engineering Bay  
  60  4:58  SCV  
  60  4:59  Marine  
  62  5:00  SCV  
  62  5:01  Refinery  
  62  5:02  SCV  
  62  5:03  Refinery  
  64  5:10  SCV  
  64  5:13  SCV  
  66  5:17  Marine  
  67  5:23  SCV  
  67  5:24  SCV  
  69  5:31  Widow Mine x2  
  69  5:35  Marine  
  74  5:36  Terran Infantry Weapons Level 1, Terran Infantry Armor Level 1, Starport Reactor  
  74  5:37  Barracks x2  
  74  5:44  SCV x2  
  73  5:50  Marine x3  
  73  5:51  Marine  
  73  5:53  SCV  
  73  5:56  SCV x2, Supply Depot  
  73  5:57  Supply Depot  
  80  6:00  Marine  
  80  6:01  Combat Shield  
  80  6:02  Supply Depot  
  80  6:03  Widow Mine  
  80  6:04  Widow Mine  
  85  6:08  Armory  
  85  6:17  Marine x3  
  85  6:18  SCV x3, Supply Depot  
  91  6:19  Marine x2, Medivac  
  91  6:20  Supply Depot  
  91  6:22  Medivac  
  97  6:30  SCV x3  
  97  6:31  Barracks Reactor x2  
  100  6:33  Supply Depot  
  100  6:37  Widow Mine x2, Marine  
  100  6:39  Marine x2  
  107  6:42  SCV x2  
  109  6:49  SCV, Refinery, Factory  
  109  6:53  Supply Depot  
  110  6:54  SCV x2  
  110  6:55  Supply Depot  
  110  6:59  Widow Mine  
  110  7:00  Widow Mine, Medivac x2  
  110  7:01  Marine x3  
  120  7:02  SCV  
  124  7:12  Marine x3  
  124  7:13  Marine x2  
  129  7:17  Supply Depot  
  129  7:18  SCV x3  
  129  7:19  Supply Depot  
  129  7:22  Marine x3, Refinery  
  133  7:23  Widow Mine  
  133  7:24  Widow Mine  
  139  7:34  Terran Infantry Weapons Level 2, Marine x2, Terran Infantry Armor Level 2  
  139  7:35  Factory Tech Lab  
  141  7:37  SCV x2  
  141  7:41  Supply Depot  
  143  7:58  Marine x5  
  143  7:59  Thor  
  143  8:01  Widow Mine  
  143  8:02  Command Center  
  152  8:07  Missile Turret x2  
  152  8:10  Missile Turret  
  146  8:15  SCV x2  
  146  8:16  Drilling Claws  
  148  8:22  Supply Depot  
  148  8:24  Supply Depot  
  148  8:26  Marine x2  
  148  8:33  Marine x3  
  148  8:34  Marauder, Medivac x2  
  147  8:38  SCV x3  
  147  8:40  Missile Turret  
  152  8:48  Marine x2  
  152  8:50  Thor  
  152  8:52  SCV  
  152  8:53  SCV  
  152  8:55  Marauder  
  164  8:57  Missile Turret  
  166  9:03  Widow Mine x2, Marine  
  169  9:14  Barracks  
  169  9:15  Barracks  
  169  9:16  Marauder, Barracks  
  169  9:27  Marine x3  
  169  9:29  Widow Mine x2, Medivac x2  
  169  9:30  Sensor Tower  
  180  9:32  Missile Turret  
  180  9:38  Marauder  
  182  9:44  Marine x4  
  186  9:47  Planetary Fortress  
  186  9:57  Marine x2  
  186  9:59  Marauder  
  190  10:06  Barracks Tech Lab x3  
  188  10:07  Thor  
  188  10:08  Widow Mine x2  
  199  10:15  Sensor Tower  
  199  10:16  Marine  
  199  10:20  Marauder  
  197  10:29  Command Center  
  197  10:35  Missile Turret  
  197  10:42  Marauder  
  199  10:47  Barracks  
  199  10:49  Barracks  
  197  11:03  Marauder  
  199  11:07  Marine  
  199  11:11  Ghost Academy  
  200  11:12  Unknown  
  200  11:25  Marauder x4  
  197  11:42  Widow Mine x2, Thor  
  197  11:45  Marine  
  197  11:46  Marauder  
  180  11:50  Marine x5, Marauder x2  
  180  11:51  Marauder, Marine  
  180  11:52  Medivac x2  
  180  11:53  Marine x2  
  183  12:01  Engineering Bay  
  178  12:13  Supply Depot  
  178  12:14  Marine, Supply Depot  
  164  12:15  Marine x2  
  164  12:16  Marine  
  164  12:17  Widow Mine  
  164  12:19  Marauder  
  162  12:28  Marauder  
  162  12:29  Marine  
  156  12:31  Marine, Marauder  
  156  12:33  Marine x2  
  156  12:34  Marine  
  148  12:45  Marine x2  
  148  12:46  Marauder x2  
  148  12:47  Planetary Fortress  
  153  12:52  Missile Turret  
  153  12:53  Missile Turret x3  
  153  12:57  Supply Depot  
  149  12:59  Marine, Supply Depot  
  149  13:04  Missile Turret  
  141  13:06  Missile Turret  
  141  13:16  Marauder, Marine x2  
  143  13:22  Marine  
Show
View Real Time Build Order
Export as new Build Order

Demi Zerg 

Build Orders: Hatch First, Muta Ling Bane 

Get SALT Encoding   

  12  0:00  Drone  
  13  0:12  Overlord  
  13  0:16  Drone  
  14  0:31  Drone x2  
  16  0:47  Hatchery  
  15  0:50  Drone  
  15  0:54  Drone  
  17  0:57  Drone  
  18  1:08  Extractor  
  17  1:12  Spawning Pool  
  17  1:16  Drone  
  17  1:18  Drone  
  18  1:27  Drone  
  19  1:38  Drone  
  20  1:49  Drone  
  21  1:59  Queen x2  
  21  2:00  Zergling x4  
  27  2:13  Hatchery  
  26  2:18  Overlord  
  26  2:21  Drone  
  27  2:25  Drone  
  27  2:38  Metabolic Boost, Drone x2  
  29  2:48  Drone x2  
  29  2:49  Overlord  
  31  2:52  Queen  
  31  2:56  Drone  
  34  3:00  Drone  
  35  3:09  Drone x4  
  35  3:12  Drone  
  40  3:16  Queen  
  42  3:28  Drone x2  
  42  3:31  Extractor  
  42  3:33  Baneling Nest, Drone x2  
  42  3:34  Drone  
  45  3:37  Overlord  
  45  3:41  Drone  
  45  3:42  Drone x2  
  45  3:47  Overlord x2  
  48  3:58  Overlord x3  
  48  4:04  Queen  
  48  4:06  Drone x3  
  53  4:14  Zergling x2  
  53  4:15  Drone x4  
  53  4:16  Drone  
  59  4:19  Drone  
  59  4:22  Queen  
  62  4:27  Lair  
  62  4:32  Drone x2  
  62  4:33  Drone x2  
  66  4:41  Drone x6  
  72  4:46  Extractor  
  72  4:47  Spore Crawler  
  72  4:48  Spore Crawler  
  72  4:51  Spore Crawler  
  68  4:53  Drone x4  
  68  4:56  Zergling x4  
  68  4:58  Zergling x2  
  75  5:01  Drone  
  75  5:02  Drone x2  
  75  5:03  Extractor  
  77  5:20  Drone x8  
  84  5:28  Drone  
  85  5:35  Spire  
  84  5:37  Overlord x4  
  84  5:38  Extractor x2, Overlord  
  82  5:46  Queen  
  82  5:47  Drone  
  82  5:48  Drone x3  
  85  5:50  Centrifical Hooks  
  85  6:00  Drone  
  85  6:03  Queen  
  88  6:04  Zergling x2  
  88  6:05  Zergling x12  
  88  6:06  Hatchery  
  88  6:08  Drone x2  
  96  6:14  Zergling x10  
  101  6:26  Zergling x6  
  101  6:27  Evolution Chamber x2  
  102  6:35  Baneling x3  
  102  6:37  Zergling x8  
  102  6:39  Pneumatized Carapace  
  106  6:44  Drone x3  
  106  6:46  Zerg Flyer Weapons Level 1  
  109  6:49  Zergling x8  
  109  6:53  Hatchery  
  112  6:57  Mutalisk  
  112  6:58  Mutalisk x2  
  118  7:02  Mutalisk  
  118  7:03  Mutalisk  
  121  7:08  Mutalisk x2  
  121  7:09  Mutalisk  
  121  7:11  Overlord  
  121  7:13  Overlord  
  127  7:17  Zerg Melee Weapons Level 1  
  127  7:19  Zerg Ground Armor Level 1  
  127  7:26  Drone x2  
  127  7:27  Drone x5  
  127  7:29  Extractor x2  
  132  7:36  Zergling x12  
  138  7:38  Baneling x8  
  138  7:59  Drone x4  
  141  8:09  Queen, Drone x3  
  141  8:11  Mutalisk x5  
  156  8:18  Overlord x7  
  155  8:34  Drone x6  
  152  8:35  Drone x2, Infestation Pit  
  152  8:37  Overseer  
  157  8:42  Drone x2  
  157  8:45  Zerg Flyer Weapons Level 2  
  157  8:46  Mutalisk  
  157  8:47  Mutalisk x2  
  165  8:52  Spore Crawler  
  165  8:53  Zergling x8  
  165  8:54  Zergling x8  
  165  8:55  Overseer  
  172  8:56  Drone  
  172  8:57  Drone  
  172  8:58  Overseer  
  172  9:01  Drone  
  174  9:05  Zergling x10  
  174  9:09  Baneling x4  
  179  9:10  Baneling x2  
  179  9:12  Hive  
  179  9:16  Baneling x7  
  179  9:17  Baneling x5  
  179  9:18  Zergling x4  
  181  9:31  Zergling x28  
  194  9:40  Baneling x4  
  190  9:55  Mutalisk x3  
  190  9:56  Mutalisk  
  187  10:02  Drone  
  187  10:03  Drone x6  
  187  10:04  Drone x2  
  187  10:07  Drone x6  
  193  10:09  Baneling x10  
  197  10:33  Infestation Pit  
  194  10:36  Zergling x12  
  200  10:48  Hatchery  
  199  11:03  Mutalisk x2  
  199  11:04  Mutalisk  
  189  11:07  Zergling x14  
  189  11:08  Baneling x10  
  189  11:10  Adrenal Glands  
  200  11:13  Ultralisk Cavern  
  200  11:14  Greater Spire  
  194  11:26  Zergling x2  
  194  11:27  Zergling x12  
  192  11:39  Zergling x18  
  198  11:40  Zergling x12  
  198  11:46  Baneling  
  168  11:47  Baneling x8  
  168  11:49  Zergling x2  
  168  11:50  Zergling x14  
  168  11:51  Baneling  
  168  11:52  Baneling x7  
  170  11:59  Zergling x12  
  160  12:08  Zergling x12  
  158  12:10  Baneling x4  
  158  12:13  Chitinous Plating  
  148  12:17  Ultralisk  
  148  12:18  Ultralisk  
  148  12:21  Baneling x2  
  137  12:30  Baneling x11  
  137  12:31  Ultralisk x2, Zergling x2  
  130  12:40  Zergling x10  
  132  12:48  Zergling x8  
  122  13:05  Spawning Pool  
Tags
 
Add a new tag
Caveats
  • Supply blocks, unpowered buildings, or Contaminate may cause inaccurate times.
  • Supply counts are checked every 10 seconds.